 Dungeon Crawl Stone Soup version 0.30-a0-341-g682706514a (webtiles) character file.

Game seed: 205217236830736377

65 retardedninja the Trooper (level 4, -9/40 HPs)
             Began as a Hill Orc Fighter on Nov 2, 2022.
             Mangled by a gnoll
             ... wielding a +0 halberd
              (11 damage)
             ... on level 2 of the Dungeon.
             The game lasted 00:03:41 (1849 turns).

retardedninja the Trooper (Hill Orc Fighter)        Turns: 1849, Time: 00:03:42

Health: -9/40      AC:  7    Str: 19 (20) XL:     4   Next: 13%
Magic:  4/4        EV:  9    Int:  5 (8)  God:
Gold:   72         SH:  4    Dex:  7 (10) Spells: 3/3 levels left

rFire   . . .      SeeInvis .    a - +0 war axe
rCold   . . .      Faith    .    c - +0 buckler
rNeg    . . .      Spirit   .    b - +0 scale mail
rPois   .          Reflect  .    (no helmet)
rElec   .          Harm     .    (no cloak)
rCorr   .          Rampage  .    (no gloves)
Will    .....                    (no boots)
Stlth   ..........               (no amulet)
HPRegen 0.26/turn                (no ring)
MPRegen 0.09/turn                (no ring)

@: flying, invisible
A: no striking features
a: no special abilities


You were on level 2 of the Dungeon.
You visited 1 branch of the dungeon, and saw 2 of its levels.

You collected 72 gold pieces.

Inventory:

Hand Weapons
 a - a +0 war axe (weapon)
Armour
 b - a +0 scale mail (worn)
 c - a +0 buckler (worn)
Scrolls
 e - 4 scrolls of identify {unknown}
 f - a scroll of noise {unknown}
 h - a scroll of enchant weapon {unknown}
Potions
 d - a potion of invisibility
 g - a potion of flight


   Skills:
 + Level 4.3 Fighting
 + Level 3.6 Axes
 + Level 3.9 Armour
 + Level 3.9 Shields


You had 3 spell levels left.
You didn't know any spells.
Your spell library contained the following spells:

 Spells                   Type           Power      Damage    Failure   Level
 Blink                    Tloc           0%         N/A       97%         2
 Manifold Assault         Tloc           0%         N/A       100%        4
 Storm Form               Tmut/Air       0%         N/A       100%        7


Dungeon Overview and Level Annotations

Branches:
Dungeon (2/15)

Altars:


Message History

No target in view!
No target in view!
No target in view!
No target in view!
No target in view!
No target in view!
i - a fuming golden potion A gnoll is nearby!
A gnoll is nearby!
A gnoll is nearby!
The gnoll hits you from afar with a +0 halberd.
The gnoll hits you with a +0 halberd. You block the gnoll's attack.
It was a potion of flight.
You feel very buoyant.
You fly up into the air.
The gnoll hits you from afar with a +0 spear.
The gnoll barely misses you.
It was a potion of invisibility.
You fade into invisibility!
The gnoll hits you with a +0 halberd. The gnoll barely misses you.
It was a potion of degeneration.
There was something very wrong with that liquid.
You feel weakened.
You feel dopey.
You feel clumsy. The gnoll misses you.
The gnoll hits you from afar with a +0 spear.
You barely miss the gnoll. The gnoll closely misses you.
The gnoll hits you from afar with a +0 spear.
The gnoll closely misses you. The gnoll hits you but does no damage.
You hit the gnoll.
The gnoll is moderately wounded.
The gnoll shouts!
You block the gnoll's attack. The gnoll hits you with a +0 halberd!
* * * LOW HITPOINT WARNING * * *
You barely miss the gnoll.
The gnoll is moderately wounded.
The gnoll misses you. The gnoll hits you but does no damage.
You barely miss the gnoll.
The gnoll is moderately wounded.
The gnoll hits you with a +0 halberd!
You die...

........# .
.........########..
...................
...................
#.........................
#.......................#.
#.........##........$...#
.......................##
#...............@......#
#...............g......#
#(..........[.g..########.
#...............g# .......
#................# .......
.......##..#.....##.......
<....#####................
.....######.###.(.........
[....'....................


You could see 3 gnolls.

Vanquished Creatures
  Robin (D:2)
  4 ball pythons
  2 bats
  4 endoplasms
  3 giant cockroaches (D:1)
  11 goblins (D:1)
  7 hobgoblins (D:1)
  4 jackals (D:2)
  A quokka (D:2)
  A frilled lizard (D:1)
  3 kobolds (D:1)
  2 rats (D:1)
43 creatures vanquished.

Notes
Turn   | Place    | Note
-------+----------+-------------------------------------------
     0 | D:1      | retardedninja the Hill Orc Fighter began the quest for the
                  | Orb.
     0 | D:1      | Reached XP level 1. HP: 19/19 MP: 1/1
    91 | D:1      | Reached XP level 2. HP: 27/27 MP: 2/2
   680 | D:2      | Noticed Robin
   686 | D:1      | Reached skill level 4 in Fighting
   687 | D:1      | Reached XP level 3. HP: 29/33 MP: 3/3
  1352 | D:2      | Killed Robin
  1353 | D:2      | Reached XP level 4. HP: 36/40 MP: 4/4
  1847 | D:2      | HP: 1/40 [gnoll/+0 halberd (12)]
  1849 | D:2      | Mangled by a gnoll

Illustrated notes

Levels and vault maps discovered:
D:1:      scummos_arrival_forest, layout_basic
D:2:      layout_basic, uniq_robin

Skill      XL: |  1  2 |
---------------+-------+-----
Axes           | 3 |  3.6
Fighting       | 4 |  4.3
Armour         | |  3.9
Shields        | |  3.9

Action                   |  1- 3 |  4- 6 || total
-------------------------+-------+-------++-------
Melee: War axe           |    85 |    14 ||    99
  Use: Potion            |     1 |     3 ||     4
Armor: Scale mail        |    66 |    10 ||    76
Dodge: Dodged            |    73 |    14 ||    87
Block: Buckler           |    31 |     5 ||    36

Table legend: (Time is in decaauts)
 A = Elapsed time spent in this place.
 B = Non-inter-level travel time spent in this place.
 C = Inter-level travel time spent in this place.
 D = Time resting spent in this place.
 E = Time spent auto-exploring this place.
 F = Levels seen in this place.
 G = Mean time per level.
                   A        B        C        D        E       F      G
               +--------+--------+--------+--------+--------+-----+--------+
         Total |   1890 |   1860 |     30 |    945 |    624 |   2 |  945.0 |
       Dungeon |   1890 |   1860 |     30 |    945 |    624 |   2 |  945.0 |
               +--------+--------+--------+--------+--------+-----+--------+

Top non-repeatable levels by time:
     D:1: 1593 daAuts
     D:2: 296 daAuts
